 Dungeon Crawl Stone Soup version 0.25-a0-189-gf71692caf1 (webtiles) character file.

Game seed: 2852732163499069847, levelgen mode: deterministic

182 Gumption the Grave Robber (level 5, -7/35 HPs)
             Began as a Human Necromancer on Nov 29, 2019.
             Killed by nerve-wracking pain
             ... invoked by an orc priest
              (8 damage)
             ... on level 3 of the Dungeon.
             The game lasted 00:26:58 (4190 turns).

Gumption the Grave Robber (Human Necromancer)       Turns: 4190, Time: 00:26:59

Health: -7/35      AC:  3    Str:  9    XL:     5   Next: 93%
Magic:  4/9        EV: 12    Int: 16    God:
Gold:   92         SH:  0    Dex: 13    Spells: 2/10 levels left

rFire    . . .     SeeInvis .   a - +4 dagger
rCold    . . .     Gourm    .   (no shield)
rNeg     . . .     Faith    .   f - +0 robe
rPois    .         Spirit   .   o - +0 helmet
rElec    .         Reflect  .   (no cloak)
rCorr    .         Harm     .   (no gloves)
MR       .....                  (no boots)
Stlth    ++........             (no amulet)
HPRegen  0.11/turn              (no ring)
MPRegen  0.11/turn              (no ring)

@: very slightly contaminated
A: no striking features
a: no special abilities


You were on level 3 of the Dungeon.
You were not hungry.

You visited 1 branch of the dungeon, and saw 3 of its levels.

You collected 92 gold pieces.

Inventory:

Hand Weapons
 a - a +4 dagger (weapon)
 j - a +0 spear
Missiles
 b - 132 stones (quivered)
Armour
 f - a +0 robe (worn)
 o - a +0 helmet (worn)
Wands
 h - a wand of acid (11)
 l - a wand of random effects (31)
Scrolls
 c - a scroll of fear {unknown}
 d - a scroll of identify {unknown}
 g - a scroll of magic mapping {unknown}
 i - a scroll of teleportation {unknown}
 k - a scroll of amnesia {unknown}
Potions
 m - a potion of curing
 p - a potion of brilliance {unknown}
Comestibles
 e - 3 rations
 n - 4 chunks of flesh


   Skills:
 - Level 2.0 Dodging
 - Level 2.0 Stealth
 + Level 3.3 Spellcasting
 + Level 0.4 Charms
 * Level 5.9 Necromancy


You had 2 spell levels left.
You knew the following spells:

 Your Spells              Type           Power        Failure   Level  Hunger
a - Pain                  Necr           ###.         1%          1    None
b - Animate Skeleton      Necr           N/A          1%          1    None
c - Vampiric Draining     Necr           ###.......   4%          3    ###....
z - Regeneration          Chrm/Necr      ##........   14%         3    ###....

Your spell library contained the following spells:

 Spells                   Type           Power        Failure   Level  Hunger
 Animate Dead             Necr           N/A          16%         4    ####...


Dungeon Overview and Level Annotations

Branches:
Dungeon (3/15)

Altars:
Uskayaw


Message History

Press: ? - help, Shift-Dir - straight line, f/p - orc priest
Aim: an orc priest, wearing a +0 leather armour and carrying a wand of enslavement (2) (severely wounded, chance to defeat MR: 80%)
The orc priest writhes in agony.
The orc priest barely misses you.
Casting: Pain (safe; 1% risk of failure)
Confirm with . or Enter, or press ? or * to list all spells.
Aiming: Pain (safe; 1% risk of failure)
Press: ? - help, Shift-Dir - straight line, f/p - orc priest
Aim: an orc priest, wearing a +0 leather armour and carrying a wand of enslavement (2) (severely wounded, chance to defeat MR: 80%)
The orc priest writhes in agony.
The orc priest barely misses you.
Casting: Pain (safe; 1% risk of failure)
Confirm with . or Enter, or press ? or * to list all spells.
Aiming: Pain (safe; 1% risk of failure)
Press: ? - help, Shift-Dir - straight line, f/p - orc priest
Aim: an orc priest, wearing a +0 leather armour and carrying a wand of enslavement (2) (almost dead, chance to defeat MR: 80%)
You miscast Pain.
You are very lightly contaminated with residual magic.
Nothing appears to happen.
The orc wizard skeleton misses you.
The orc priest mumbles some strange prayers to Beogh against you.
Pain shoots through your body!
You die...

#o# #.....#....# #Z.....( #.#
#.....)....####....### #.#
#.......####.#.###...# ###.#
#.......# #.#.## #.#.# ....#
#.....#.# ##.#.# #.#Z# ###.###
#.....#.###.#.####.#.#
......######.....#....####....#..
≈≈≈≈.....).....Z......# #....###
≈≈≈≈≈≈)...##...o@#....####.......
≈≈≈≈≈≈≈...########.............##
≈≈≈≈≈≈≈≈..# ###############
≈_≈≈≈≈≈≈..# ≈≈≈≈≈≈≈≈..#
≈≈≈≈≈≈≈...# ≈≈≈≈≈≈≈...#
≈≈≈≈≈....## .^.......#


You could see an orc priest and an orc wizard skeleton.

Vanquished Creatures
  An orc wizard (D:3)
  Terence (D:2)
  Robin (D:2)
  3 adders (D:2)
  A worm (D:1)
  2 leopard geckos
  An orc (D:3)
  4 giant cockroaches
  15 goblins
  9 hobgoblins
  8 kobolds
  A quokka (D:2)
  2 ball pythons (D:2)
  8 bats
  5 frilled lizards
  7 rats
69 creatures vanquished.

Vanquished Creatures (collateral kills)
  An adder (D:2)
  An ooze (D:3)
  2 dart slugs (D:1)
  2 goblins
  A hobgoblin (D:2)
  A quokka (D:3)
  A frilled lizard (D:2)
9 creatures vanquished.

Grand Total: 78 creatures vanquished

Notes
Turn   | Place    | Note
-------+----------+-------------------------------------------
     0 | D:1      | Gumption the Human Necromancer began the quest for the Orb.
     0 | D:1      | Reached XP level 1. HP: 13/13 MP: 3/3
     2 | D:1      | Learned a level 1 spell: Animate Skeleton
   376 | D:1      | Reached XP level 2. HP: 19/19 MP: 3/5
  1259 | D:1      | Reached XP level 3. HP: 24/24 MP: 4/6
  1264 | D:1      | Learned a level 3 spell: Vampiric Draining
  2217 | D:2      | Reached XP level 4. HP: 29/30 MP: 4/7
  2233 | D:2      | Noticed Terence
  2246 | D:1      | Reached skill level 5 in Necromancy
  2410 | D:1      | Learned a level 3 spell: Regeneration
  2943 | D:2      | Killed Terence
  2943 | D:2      | Reached XP level 5. HP: 29/35 MP: 2/9
  2986 | D:2      | Noticed Robin
  3611 | D:2      | Killed Robin
  4044 | D:3      | Found a hide-covered altar of Uskayaw.
  4161 | D:3      | HP: 1/35 [orc priest/nerve-wracking pain (14)]
  4190 | D:3      | Killed from afar by an orc priest

Levels and vault maps discovered:
D:1:      psy_arrival_conway, layout_basic, minmay_cut_off
D:2:      layout_rooms, uniq_terence, uniq_robin
D:3:      layout_basic, minivault_24, lemuel_altar_in_water, uniq_sigmund

Skill      XL: |  1  2  3  4 |
---------------+-------------+-----
Necromancy     | 5 |  5.9
Spellcasting   | 3 |  3.3
Dodging        | |  2.0
Stealth        | |  2.0
Charms         | |  0.4

Action                   |  1- 3 |  4- 6 || total
-------------------------+-------+-------++-------
Melee: Unarmed           |     1 |       ||     1
       Dagger            |    28 |    10 ||    38
 Cast: Pain              |    52 |   100 ||   152
       Animate Skeleton  |    16 |    20 ||    36
       Regeneration      |       |     2 ||     2
  Use: Potion            |       |     1 ||     1
  Eat: Chunk             |     5 |     7 ||    12
Armor: Robe              |    20 |    11 ||    31
Dodge: Dodged            |    43 |    60 ||   103

Table legend:
 A = Non-vault XP
 B = Vault XP
 C = Vault XP percentage of total XP
 D = Non-vault monster count
 E = Vault monster count
 F = Vault count percentage of total count
                 A         B        C        D         E       F
            +---------+---------+-------+---------+---------+-------
      Total |     179 |      82 |  31.4 |      61 |      17 |  21.8
            +---------+---------+-------+---------+---------+-------
        D:1 |      53 |      14 |  20.9 |      31 |       6 |  16.2
        D:2 |      80 |      68 |  45.9 |      21 |      11 |  34.4
        D:3 |      46 |       0 |   0.0 |       9 |       0 |   0.0
            +---------+---------+-------+---------+---------+-------
